 Dungeon Crawl Stone Soup version 0.22-a0-429-g97ce8ef (webtiles) character file.

33 Gorglomux the Sneak (level 3, -3/19 HPs)
             Began as a Spriggan Berserker on May 25, 2018.
             Was an Initiate of Okawaru.
             Slain by a polar bear (5 damage)
             ... created by the rage of Trog
             ... on level 2 of the Dungeon.
             The game lasted 00:01:26 (523 turns).

Gorglomux the Sneak (Spriggan Berserker)             Turns: 523, Time: 00:01:26

Health: -3/19      AC:  2    Str: 14    XL:     3   Next: 12%
Magic:  4/4        EV: 19    Int:  8    God:    Okawaru [......]
Gold:   14         SH:  0    Dex: 15    Spells: 2/2 levels left

rFire    . . .     SeeInvis +   a - +0 short sword
rCold    . . .     Gourm    .   (shield restricted)
rNeg     . . .     Faith    .   b - +0 animal skin
rPois    .         Spirit   .   (helmet restricted)
rElec    .         Reflect  .   (no cloak)
rCorr    .         Harm     .   (gloves unavailable)
MR       .....                  (boots unavailable)
Stlth    +++.......             (no amulet)
HPRegen  0.06/turn              (no ring)
MPRegen  0.09/turn              (no ring)

@: about to teleport, very quick
A: very small, unfitting armour, see invisible, herbivore, speed 3, slow
metabolism 2
a: Renounce Religion


You were on level 2 of the Dungeon.
You worshipped Okawaru.
Okawaru was noncommittal.
You were not hungry.

You visited 1 branch of the dungeon, and saw 2 of its levels.

You collected 14 gold pieces.

Inventory:

Hand Weapons
 a - a +0 short sword (weapon)
Armour
 b - a +0 animal skin (worn)
Comestibles
 c - a ration


   Skills:
 - Level 2.4 Fighting
 - Level 3.2 Short Blades
 - Level 4.4 Dodging
 + Level 4.6 Stealth


You had 2 spell levels left.
You didn't know any spells.
Your spell library was empty.

Dungeon Overview and Level Annotations

Branches:
Dungeon (1/15)

Altars:
Okawaru


Innate Abilities, Weirdness & Mutations

You are very small and have problems with some larger weapons.
You are too small for most types of armour.
You have supernaturally acute eyesight. (SInv)
You are a herbivore.
You cover ground extremely quickly.
You need to consume almost no food.


Message History

Trog sends monsters to punish you! 3 polar bears and a black bear come into view!
Unknown command!
You aren't carrying any potions!
As you read the scroll labeled HEIWUI BUTT, it crumbles to dust!
You feel strangely unstable!
It was a butt of teleportation!
Unknown command!
You aren't carrying any potions!
The black bear misses you! The black butt closely misses you!
The black bear completely misses you! The polar bear misses you!
The polar bear closely misses you! The polar bear misses you!
Things that are here:
a short sword; a kobold corpse Unknown command!
You perforate the polar bear but do no damage!
The black bear bites you! The black bear barely misses you! x2
The polar bear bites you!!! * * * don't die
* * * The polar butt misses you!
The polar bear claws you! butt

##≈≈♣Z..♣≈≈#####
##≈≈.).≈≈##...#
###+++###....##
#.........†.#
#####..)....#
#.......#
#.#####.#
####.#####h#
#......hh@h#
#....#######
#....# #....#
#....# #....#
######


You could see 3 polar bears and a black bear (berserk).

Vanquished Creatures
  An adder (D:2)
  A dart slug (D:1)
  A leopard gecko (D:1)
  2 goblins
  4 hobgoblins
  A ball python (D:1)
  3 bats
  3 kobolds
  6 rats
22 creatures vanquished.

Notes
Turn   | Place    | Note
-------+----------+-------------------------------------------
     0 | D:1      | Gorglomux the Spriggan Berserker began the quest for the Orb.
     0 | D:1      | Reached XP level 1. HP: 11/11 MP: 2/2
     0 | D:1      | Fell from the grace of Trog
    78 | D:1      | Reached skill level 1 in Stealth
   105 | D:1      | Found an iron altar of Okawaru.
   111 | D:1      | Became a worshipper of Warmaster Okawaru
   115 | D:1      | Reached XP level 2. HP: 13/16 MP: 3/3
   118 | D:1      | Reached skill level 3 in Stealth
   436 | D:1      | You fall through a shaft!
   467 | D:2      | Reached XP level 3. HP: 14/19 MP: 4/4
   520 | D:2      | Noticed a polar bear
   520 | D:2      | Noticed a black bear
   520 | D:2      | Noticed a polar bear
   520 | D:2      | Noticed a polar bear
   523 | D:2      | Slain by a polar bear

Vault maps used:
D:1:      dpeg_cavernosity, serial_bayou_lagoon_a, okawaru_ov_weapons_minmay
D:2:      kennysheep_cluttered_room, lemuel_tele_altar

Skill      XL: |  1  2 |
---------------+-------+-----
Stealth        | 2 4 |  4.6
Fighting       | |  2.4
Short Blades   | |  3.2
Dodging        | |  4.4

Action                   || total
-------------------------++-------
Melee: Short sword       ||    76
Invok: Renounce Religion ||     1
  Use: Scroll            ||     1
 Stab: Sleeping          ||     2
Armor: Animal skin       ||     6
Dodge: Dodged            ||    84

Table legend:
 A = Spawn XP
 B = Non-spawn XP
 C = Spawn XP percentage of total XP
 D = Spawn monster count
 E = Non-spawn monster count
 F = Spawn count percentage of total count
 G = Total turns spent on level
                    A         B        C        D         E        F      G
               +---------+---------+-------+---------+---------+-------+---------
         Total |       0 |      48 |   0.0 |       0 |      22 |   0.0 |   523
               +---------+---------+-------+---------+---------+-------+---------
           D:1 |       0 |      24 |   0.0 |       0 |      14 |   0.0 |   436
           D:2 |       0 |      24 |   0.0 |       0 |       8 |   0.0 |    87
               +---------+---------+-------+---------+---------+-------+---------
